 Dungeon Crawl Stone Soup version 0.22.1-5-g62c59d9 (webtiles) character file.

501 Tr0llz0r the Chopper (level 6, -7/47 HPs)
             Began as a Demonspawn Gladiator on Jan 11, 2019.
             Killed by nerve-wracking pain
             ... invoked by Grinder
              (14 damage)
             ... while paralysed by Grinder
             ... on level 5 of the Dungeon.
             The game lasted 00:11:00 (3504 turns).

Tr0llz0r the Chopper (Demonspawn Gladiator)         Turns: 3504, Time: 00:11:01

Health: -7/47      AC: 12    Str: 17    XL:     6   Next: 95%
Magic:  6/6        EV:  2    Int:  9    God:
Gold:   314        SH:  0    Dex: 14    Spells: 5/5 levels left

rFire    + . .     SeeInvis .   a - +3 war axe
rCold    . . .     Gourm    .   n - +0 shield
rNeg     . . .     Faith    .   i - +1 scale mail
rPois    .         Spirit   .   c - +0 helmet
rElec    .         Reflect  .   (no cloak)
rCorr    .         Harm     .   b - +0 pair of gloves
MR       .....                  (no boots)
Stlth    ..........             (no amulet)
HPRegen  0.15/turn              (no ring)
MPRegen  0.10/turn              (no ring)

@: paralysed
A: hooves 1, molten scales 2, fire resistance 1
a: no special abilities


You were on level 5 of the Dungeon.
You were not hungry.

You visited 1 branch of the dungeon, and saw 5 of its levels.

You collected 314 gold pieces.

Inventory:

Hand Weapons
 a - a +3 war axe (weapon)
 r - a +0 arbalest
Missiles
 d - 3 throwing nets (quivered)
 e - 8 javelins
 h - 99 stones
Armour
 b - a +0 pair of gloves (worn)
 c - a +0 helmet (worn)
 i - a +1 scale mail (worn)
 n - a +0 shield (worn)
Jewellery
 q - a cursed ring of teleportation {unknown}
Wands
 k - a wand of clouds (7)
 p - a wand of flame (25)
Scrolls
 s - 2 scrolls of magic mapping
 t - 2 scrolls of remove curse
 u - a scroll of teleportation
 v - 2 scrolls of enchant armour
Potions
 g - 2 potions of curing
 j - a potion of agility
 l - a potion of flight
 m - 2 potions of haste
Comestibles
 f - 3 rations


   Skills:
 + Level 3.0 Fighting
 + Level 5.7 Axes
 + Level 1.8 Throwing
 + Level 2.5 Armour
 + Level 3.3 Dodging
 + Level 0.6 Stealth
 + Level 0.6 Shields


You had 5 spell levels left.
You didn't know any spells.
Your spell library was empty.

Dungeon Overview and Level Annotations

Branches:
Dungeon (5/15)
 Temple: D:4-7

Altars:
Dithmenos

Annotations:
D:5 Grinder


Innate Abilities, Weirdness & Mutations

You have large cloven feet.
You are mostly covered in molten scales. (AC +3)
Your flesh is heat resistant. (rF+)


Message History

Grinder is heavily wounded.
Grinder hits you but does no damage. Grinder gestures at you.
Pain shoots through your body!
* * * LOW HITPOINT WARNING * * *
You closely miss Grinder. You kick Grinder, but do no damage.
Grinder is heavily wounded.
Grinder barely misses you.
You closely miss Grinder. You kick Grinder.
Grinder is heavily wounded.
Grinder hits you but does no damage.
You closely miss Grinder. You kick Grinder, but do no damage.
Grinder is heavily wounded.
Grinder says, "Tell me all your secrets, or I'll kill you."
Grinder blinks!
Grinder gestures at you.
You suddenly lose the ability to move!
Grinder gestures at you. Pain shoots through your body!
You die...

#### #.. .# #.# .#
###.####.#
########......#.####
#......5.#.##......#
#...@ยง..##......##.##
#.#####.#####...).>.#
#. #.# #.#...... #.
#.# #.#.##.## #.
#.#####.#.##.# #.
#....>.......## #.
............... ##
##[.......#....
#........##.#.


You could see Grinder.

Vanquished Creatures
  2 sky beasts
  A bullfrog skeleton (D:5)
  An orc priest (D:3)
  Ijyb (D:2)
  Natasha (D:4)
  A worker ant (D:4)
  10 adders
  An ooze (D:3)
  3 worms
  2 dart slugs
  2 leopard geckos
  3 orcs (D:3)
  13 bats
  4 giant cockroaches
  13 goblins
  6 hobgoblins
  10 kobolds
  4 frilled lizards
  7 rats
85 creatures vanquished.

Notes
Turn   | Place    | Note
-------+----------+-------------------------------------------
     0 | D:1      | Tr0llz0r the Demonspawn Gladiator began the quest for the
                  | Orb.
     0 | D:1      | Reached XP level 1. HP: 16/16 MP: 1/1
   436 | D:1      | Gained mutation: You have large cloven feet. [demonic
                  | ancestry]
   436 | D:1      | Reached XP level 2. HP: 19/22 MP: 2/2
   455 | D:1      | Reached skill level 3 in Axes
   652 | D:1      | Gained mutation: You are partially covered in molten
                  | scales. (AC +2) [demonic ancestry]
   652 | D:1      | Reached XP level 3. HP: 24/27 MP: 3/3
  1166 | D:2      | Gained mutation: Your flesh is heat resistant. (rF+)
                  | [demonic ancestry]
  1166 | D:2      | Reached XP level 4. HP: 26/34 MP: 4/4
  1289 | D:2      | Reached skill level 4 in Axes
  1354 | D:2      | Noticed Ijyb
  1375 | D:2      | Killed Ijyb
  1691 | D:3      | Found a shadowy altar of Dithmenos.
  1801 | D:3      | Reached XP level 5. HP: 26/39 MP: 5/5
  2168 | D:3      | Reached skill level 1 in Armour
  2821 | D:4      | Noticed Natasha
  2831 | D:4      | Killed Natasha
  2831 | D:4      | Reached skill level 5 in Axes
  2931 | D:4      | Noticed a sky beast
  2947 | D:4      | Killed a sky beast
  2947 | D:4      | Gained mutation: You are mostly covered in molten scales.
                  | (AC +3) [demonic ancestry]
  2947 | D:4      | Reached XP level 6. HP: 46/46 MP: 6/6
  3224 | D:5      | Entered Level 5 of the Dungeon
  3231 | D:5      | Noticed a sky beast
  3248 | D:5      | Killed a sky beast
  3473 | D:5      | Noticed Grinder
  3502 | D:5      | Paralysed by Grinder for 3 turns
  3504 | D:5      | Killed from afar by Grinder

Skill      XL: |  1  2  3  4  5  6 |
---------------+-------------------+-----
Axes           | 3 4 5 |  5.7
Dodging        | 3 |  3.3
Armour         | 2 |  2.5
Fighting       | 3 |  3.0
Throwing       | |  1.8
Stealth        | |  0.6
Shields        | |  0.6

Action                   |  1- 3 |  4- 6 || total
-------------------------+-------+-------++-------
Melee: War axe           |   102 |   147 ||   249
       Kick              |    17 |    34 ||    51
  Use: Potion            |     5 |     3 ||     8
       Scroll            |     2 |    11 ||    13
  Eat: Ration            |     1 |     2 ||     3
Armor: Leather armour    |    31 |       ||    31
       Scale mail        |    34 |    88 ||   122
Dodge: Dodged            |   105 |    71 ||   176
Block: Shield            |       |    22 ||    22
